 Dungeon Crawl Stone Soup version 0.31.0-1-g2c135a008e (webtiles) character file.

Game seed: 2963065000089378643

394 qw the Shooter (level 7, 0/52 HPs)
             Began as a Djinni Hunter on Jan 24, 2024.
             Slain by an orc wizard
             ... wielding a +0 dagger
              (1 damage)
             ... on level 6 of the Dungeon.
             The game lasted 00:00:10 (2979 turns).

qw the Shooter (Djinni Hunter)                      Turns: 2979, Time: 00:00:11

Health: 0/52       AC:  4    Str: 10    XL:     7   Next: 8%
Gold:   182        EV: 18    Int: 10    God:
                   SH:  0    Dex: 19

rFire   + + +        a - +0 shortbow
rCold   x . .        (shield currently unavailable)
rNeg    . . .        i - +1 leather armour of the Doldrums {rF+ rCorr}
rPois   inf          (no helmet)
rElec   .            (no cloak)
rCorr   +            (no gloves)
SInv    .            (boots unavailable)
Will    .....        (no amulet)
Stlth   ++           g - +5 ring of evasion
HPRegen 0.28/turn    (no ring)
MPRegen 0.00/turn

%: infuse magic (-1 HP)
@: flying
A: sickness immunity, fire resistance 2, cold vulnerability 1, float, innate
caster, HP casting, extra vitality 1
a: no special abilities


You were on level 6 of the Dungeon.
You visited 2 branches of the dungeon, and saw 5 of its levels.

You collected 182 gold pieces.


Innate Abilities, Weirdness & Mutations

You are immune to sickness and miasma.
You are immune to poison.
Your flesh is very heat resistant. (rF++)
You are vulnerable to cold. (rC-)
You float through the air rather than walking.
You learn spells naturally, not from books.
Your magical power is your life essence.
You have superior vitality. (+4 MHP)


   Skills:
 - Level 4.0 Fighting
 + Level 5.2 Ranged Weapons
 - Level 4.0 Dodging
 - Level 0.7 Stealth


You knew the following spells:

 Your Spells              Type           Power      Damage    Failure   Level
a - Necrotise             Necr           0%         1d4       45%         1
b - Ensorcelled Hibernat  Hex/Ice        0%         N/A       61%         2
c - Confusing Touch       Hex            0%         N/A       83%         3
Your spell library was empty.

Inventory:

Hand Weapons
 a - a +0 shortbow (weapon)
Armour
 i - the +1 leather armour of the Doldrums (worn) {rF+ rCorr}
   (You found it on level 2 of the Dungeon)

   rF+:       It protects you from fire.
   rCorr:     It protects you from acid and corrosion.
Jewellery
 b - a ring of wizardry
 g - a +5 ring of evasion (left hand)
Potions
 f - a potion of heal wounds {unknown}
 h - a potion of enlightenment
 l - a potion of brilliance {unknown}

Dungeon Overview and Level Annotations

Branches:
Dungeon (6/15)             Temple (1/1) D:6

Altars:
Ashenzari
Gozag
Hepliaklqana
Makhleb
Qazlal
Ru
Wu Jian
Xom
Yredelemnul
Zin
The Shining One


Message History

You shoot an arrow. The arrow hits the orc warrior.
The orc warrior is severely wounded.
The orc warrior barely misses you. Something closely misses you.
The orc warrior barely misses you.
You hear some strange, mumbled words.
You are confused.
The orc warrior hits you with a +0 short sword.
You hear some strange, mumbled words.
A magic dart appears from out of thin air!
The magic dart hits you.
The orc warrior hits you with a +0 short sword.
Something hits you but does no damage. The orc warrior completely misses you.
Something barely misses you.
The orc warrior hits you with a +0 short sword.
Something hits you.
The orc warrior hits you with a +0 short sword.
Something hits you.
You feel less confused.
The orc warrior hits you but does no damage.
Something closely misses you.
You shoot an arrow.
The arrow hits the orc warrior but does no damage.
The orc warrior is severely wounded.
The orc warrior closely misses you. Something hits you but does no damage.
You shoot an arrow.
The arrow barely misses the orc warrior.
The orc warrior completely misses you. Something closely misses you.
You shoot an arrow.
The arrow hits the orc warrior but does no damage.
The orc warrior is severely wounded.
The orc warrior misses you. Something barely misses you.
You shoot an arrow. The arrow hits the orc warrior.
The orc warrior is severely wounded.
The orc warrior hits you with a +0 short sword.
You hear some strange, mumbled words.
Something tries to affect you, but you resist.
You shoot an arrow.
The arrow closely misses the orc warrior.
The orc warrior completely misses you. Something hits you.
You die...

######### #........
#.......# #........
........# #........
........# #.......o
........# #........
........# #..(.....
#+#####.###).......
#.##......@o..)....
#.##.##.###{.......
#....##.# #........
#..####.# #........ #.##
#.# #.....##### #># #.#
#....[......
#.#####.#####.#
#####.......
#........%....# .......
#######..############......
#.


You could see an orc warrior.

Vanquished Creatures
  An ogre (D:6)
  A bullfrog (D:6)
  2 scorpions (D:6)
  An orc priest (D:6)
  An orc wizard (D:2)
  A ribbon worm (D:2)
  7 orcs
  6 ball pythons
  5 bats
  7 endoplasms
  2 giant cockroaches
  A goblin (D:1)
  5 hobgoblins
  3 quokkas
  5 frilled lizards
  7 kobolds
  4 rats
59 creatures vanquished.

Notes
Turn   | Place    | Note
-------+----------+-------------------------------------------
     0 | D:1      | qw the Djinni Hunter began the quest for the Orb.
     0 | D:1      | Reached XP level 1. HP: 18/18 MP: 0/0
     0 | D:1      | 0 ||| qw: Version: 0.3-a-136-gdd3b4e8
     0 | D:1      | 0 ||| qw: Game counter: 1284
     0 | D:1      | 0 ||| qw: Melee chars always use a shield: true
     0 | D:1      | 0 ||| qw: God list: Okawaru
     0 | D:1      | 0 ||| qw: Allow faded altars: false
     0 | D:1      | 0 ||| qw: Do Orc after clearing Dungeon:15 true
     0 | D:1      | 0 ||| qw: Do second Lair branch before Depths: true
     0 | D:1      | 0 ||| qw: Lair rune preference: random
     0 | D:1      | 0 ||| qw: Goals: Normal
     0 | D:1      | 0 ||| PLANNING D:1-11
    96 | D:1      | Reached XP level 2. HP: 23/23 MP: 0/0
   569 | D:1      | Found a faded altar of an unknown god.
   602 | D:1      | Reached skill level 4 in Ranged Weapons
   602 | D:1      | Reached XP level 3. HP: 28/28 MP: 0/0
   602 | D:1      | Learned a level 1 spell: Necrotise
  1016 | D:1      | 1016 ||| READING scroll labelled FAVONUSSOA.
  1017 | D:1      | 1017 ||| READING 2 scrolls labelled EGHOMIUGEFF.
  1022 | D:1      | 1022 ||| READING scroll labelled ZAVOGI RAESM.
  1022 | D:1      | 1022 ||| IDENTIFYING viscous brown potion
  1023 | D:1      | 1023 ||| DROPPING scroll of butterflies.
  1073 | D:2      | Found a shimmering altar of Xom.
  1241 | D:2      | Identified the +1 leather armour of the Doldrums {rF+
                  | rCorr}
  1307 | D:2      | HP: 6/29 [ribbon worm (2)]
  1308 | D:2      | 1308 ||| READING scroll of teleportation.
  1315 | D:2      | HP: 5/29 [frilled lizard (3)]
  1570 | D:2      | Reached skill level 3 in Fighting
  1570 | D:2      | Reached XP level 4. HP: 16/35 MP: 0/0
  1675 | D:2      | HP: 5/35 [orc/+0 whip (4)]
  1677 | D:2      | HP: 2/35 [orc/+0 club (1)]
  1682 | D:2      | HP: 3/35 [bat (1)]
  2251 | D:2      | 2251 ||| UPGRADING to +1 leather armour of the Doldrums
                  | {rF+ rCorr}.
  2261 | D:2      | 2261 ||| DROPPING +0 leather armour.
  2262 | D:2      | 2262 ||| UPGRADING to +5 ring of evasion.
  2263 | D:2      | 2263 ||| READING scroll of identify.
  2263 | D:2      | 2263 ||| IDENTIFYING pink potion
  2264 | D:2      | 2264 ||| READING 2 scrolls labelled XOYMIL AWIDUVO.
  2265 | D:2      | 2265 ||| READING scroll labelled QOADEIS BUITOI.
  2366 | D:2      | 2366 ||| DRINKING 2 silvery potions.
  2367 | D:2      | 2367 ||| DROPPING potion of attraction.
  2368 | D:2      | 2368 ||| DROPPING scroll of immolation.
  2520 | D:3      | You are sucked into a shaft and drop 3 floors!
  2541 | D:6      | Noticed a bullfrog
  2541 | D:6      | Noticed an ogre
  2542 | D:6      | 2542 ||| ZAPPING wand of flame (1) at -7,0 (ogre; floor).
  2550 | D:6      | Killed a bullfrog
  2551 | D:6      | Reached skill level 3 in Dodging
  2551 | D:6      | Reached XP level 5. HP: 26/40 MP: 0/0
  2551 | D:6      | Learned a level 2 spell: Ensorcelled Hibernation
  2555 | D:6      | HP: 10/40 [ogre/+0 giant club (18)]
  2556 | D:6      | Killed an ogre
  2557 | D:6      | Reached XP level 6. HP: 12/46 MP: 0/0
  2683 | D:6      | Found a staircase to the Ecumenical Temple.
  2684 | D:6      | 2684 ||| PLANNING TEMPLE
  2714 | Temple   | Entered the Ecumenical Temple
  2715 | Temple   | 2715 ||| PLANNING D:1-11
  2724 | D:6      | Found a hazy altar of Hepliaklqana.
  2779 | D:6      | Reached skill level 5 in Ranged Weapons
  2946 | D:6      | Noticed an orc warrior
  2947 | D:6      | 2947 ||| RETREEEEATING.
  2949 | D:6      | Reached XP level 7. HP: 52/52 MP: 0/0
  2949 | D:6      | Learned a level 3 spell: Confusing Touch
  2965 | D:6      | HP: 13/52 [orc warrior/+0 short sword (11)]
  2967 | D:6      | 2967 ||| DRINKING potion of curing.
  2967 | D:6      | 2967 ||| (to cure confusion)
  2970 | D:6      | HP: 13/52 [orc warrior/+0 short sword (5)]
  2973 | D:6      | HP: 6/52 [orc warrior/+0 short sword (3)]
  2978 | D:6      | HP: 1/52 [orc warrior/+0 short sword (4)]
  2979 | D:6      | Slain by an orc wizard

Levels and vault maps discovered:
D:1:      eino_arrival_cavern_e, layout_basic, dreamdust_ecumenical_altar_grove
D:2:      layout_basic, basic_altar
D:3:      layout_basic, gammafunk_ghost_necromancy
D:6:      layout_basic, mainiacjoe_overflow_catch_the_wave,
          minmay_temple_entry_tees, lemuel_flamethrower_2
Temple:   jpeg_temple_clearing

Skill      XL: |  1  2  3  4  5  6  7 |
---------------+----------------------+-----
Ranged Weapons | 4 5 |  5.2
Fighting       | 3 4 |  4.0
Dodging        | 3 4 |  4.0
Stealth        | |  0.7

Action                     |  1- 3 |  4- 6 |  7- 9 || total
---------------------------+-------+-------+-------++-------
   Fire: Shortbow          |   133 |    83 |    24 ||   240
  Evoke: Wand              |       |     1 |       ||     1
    Use: Scroll            |     4 |     3 |       ||     7
         Potion            |       |     1 |     1 ||     2
 Armour: Leather armour    |    37 |    39 |    26 ||   102
  Dodge: Dodged            |    29 |    44 |    34 ||   107

Table legend:
 A = Non-vault XP
 B = Vault XP
 C = Vault XP percentage of total XP
 D = Non-vault monster count
 E = Vault monster count
 F = Vault count percentage of total count
                 A         B        C        D         E       F
            +---------+---------+-------+---------+---------+-------
      Total |     563 |       0 |   0.0 |      59 |       0 |   0.0
            +---------+---------+-------+---------+---------+-------
        D:1 |      37 |       0 |   0.0 |      23 |       0 |   0.0
        D:2 |      79 |       0 |   0.0 |      24 |       0 |   0.0
        D:3 |       8 |       0 |   0.0 |       4 |       0 |   0.0
        D:6 |     439 |       0 |   0.0 |       8 |       0 |   0.0
            +---------+---------+-------+---------+---------+-------
